 Dungeon Crawl Stone Soup version 0.31-a0-968-g24f9ace8b5 (webtiles) character file.

Game seed: 5416324408688953846

28 Xavori the Trooper (level 3, 0/30 HPs)
             Began as a Djinni Chaos Knight on Oct 27, 2023.
             Was a Plaything of Xom.
             Killed from afar by a white imp (7 damage)
             ... with a puff of frost
             ... summoned by Xom
             ... on level 1 of the Dungeon.
             The game lasted 00:00:55 (945 turns).

Xavori the Trooper (Djinni Chaos Knight)             Turns: 945, Time: 00:00:55

Health: 0/30       AC:  5    Str: 17    XL:     3   Next: 30%
Gold:   58         EV: 12    Int: 13    God:    Xom [......] SH:  0 Dex: 14

rFire   + + .        a - +0 falchion (chaos)
rCold   x . .        (no shield)
rNeg    . . .        b - +2 leather armour
rPois   ∞            (no helmet)
rElec   .            (no cloak)
rCorr   .            (no gloves)
SInv    .            (boots unavailable)
Will    +....        (no amulet)
Stlth   +            f - +6 ring of strength
HPRegen 0.25/turn    j - ring of willpower
MPRegen 0.00/turn

%: infuse magic (-1 HP)
@: flying
A: sickness immunity, fire resistance 2, cold vulnerability 1, float, innate
caster, HP casting, extra vitality 1
a: Renounce Religion


You were on level 1 of the Dungeon.
You worshipped Xom.
You were a very special plaything of Xom.
You visited 1 branch of the dungeon, and saw 1 of its levels.

You collected 58 gold pieces.

Inventory:

Hand Weapons
 a - a +0 falchion of chaos (weapon)
Missiles
 d - a throwing net
Armour
 b - a +2 leather armour (worn)
Jewellery
 f - a +6 ring of strength (left hand)
 j - a ring of willpower (right hand)
Scrolls
 c - a scroll of butterflies
 e - a scroll of enchant weapon {unknown}
 g - a scroll of blinking {unknown}
Potions
 h - a potion of resistance {unknown}
 i - 2 potions of enlightenment {unknown}


   Skills:
 + Level 3.2 Fighting
 + Level 2.9 Long Blades
 + Level 1.4 Armour
 + Level 2.5 Dodging
 * Level 0.7 Spellcasting
 * Level 0.7 Conjurations
 * Level 0.7 Hexes
   Level 0.0 Charms
 * Level 0.7 Summonings
 * Level 0.7 Necromancy
 * Level 0.7 Translocations
 * Level 0.7 Transmutations
 * Level 0.7 Fire Magic
 * Level 0.7 Ice Magic
 * Level 0.7 Air Magic
 * Level 0.7 Earth Magic
 * Level 0.7 Poison Magic


You knew the following spells:

 Your Spells              Type           Power      Damage    Failure   Level
a - Sandblast             Erth           4%         2d4       26%         1
Your spell library was empty.

Dungeon Overview and Level Annotations

Branches:
Dungeon (1/15)

Altars:

Shops:
D:1 ((


Innate Abilities, Weirdness & Mutations

You are immune to sickness and miasma.
You are immune to poison.
Your flesh is very heat resistant. (rF++)
You are vulnerable to cold. (rC-)
You float through the air rather than walking.
You learn spells naturally, not from books.
Your magical power is your life essence.
You have superior vitality. (+4 MHP)


Message History

You reach down and open the door.
A goblin comes into view. It is wielding a +0 club.
The goblin shouts!
There is an open door here.
You hit the goblin. You freeze the goblin.
The goblin is heavily wounded.
The goblin misses you.
A goblin is nearby!
You hit the goblin.
You kill the goblin!
You see here a +0 club.
You see here a +0 club.
There is an open door here.
You see here a rat corpse.
Things that are here:
a +0 dagger; a hobgoblin corpse "Fight to survive, mortal."
You closely miss the white imp. The white imp gestures at you.
The puff of frost hits you!
You feel a terrible chill!
Xom roars with laughter!
A shower of butterflies erupts from you!
There are monsters nearby!
You closely miss the white imp. The white imp gestures at you.
The puff of frost hits you.
You feel a terrible chill! The white imp barely misses you.
There are monsters nearby!
You barely miss the white imp. The white imp gestures at you.
The puff of frost hits you!
You feel a terrible chill!
Xom roars with laughter!
* * * LOW HITPOINT WARNING * * *
The white imp gestures at you. The puff of frost hits you.
You feel a terrible chill!
* * * LOW HITPOINT WARNING * * *
The white imp gestures at you. The puff of frost hits you!
You feel a terrible chill!
You die...
Xom yawns loudly!

#....#...# #...# ##(....## #.
.........# #...############..# #.
#....#...# #............# ##.###.
≈....#...# ###..........# #.....
≈≈...#...# #..........# ##..##
~≈...#...# #.....b....# #>...
~≈...#...# #5.........# #####
~....#...#####..5.......#
#....######.....@b...#### ######
#..........# # #......b...# ###
#....bb.b..# ######
..#########..........#######.....
..#..................)†..........
..#..................†#####......
..#.........######..#.#...#......
..#.........# #...#.#.#.#†.....


You could see 2 white imps.

Vanquished Creatures
  4 bats (D:1)
  An endoplasm (D:1)
  A goblin (D:1)
  A hobgoblin (D:1)
  3 jackals (D:1)
  5 kobolds (D:1)
  4 quokkas (D:1)
  A ball python (D:1)
  A frilled lizard (D:1)
  6 rats (D:1)
27 creatures vanquished.

Notes
Turn   | Place    | Note
-------+----------+-------------------------------------------
     0 | D:1      | Xavori the Djinni Chaos Knight began the quest for the Orb.
     0 | D:1      | Reached XP level 1. HP: 20/20 MP: 0/0
    19 | D:1      | XOM: divination: magic mapping
   131 | D:1      | Reached XP level 2. HP: 22/25 MP: 0/0
   199 | D:1      | XOM: 1-stop teleportation journey
   244 | D:1      | XOM: summons 2 hostile shadow creatures
   260 | D:1      | Found Ujarao's Weapon Boutique.
   650 | D:1      | Found Xitocodiwk's Weapon Emporium.
   743 | D:1      | Reached XP level 3. HP: 26/30 MP: 0/0
   743 | D:1      | Learned a level 1 spell: Sandblast
   835 | D:1      | XOM: smoke on damage
   941 | D:1      | XOM: summons 2 hostile demons
   942 | D:1      | XOM: butterfly on damage
   945 | D:1      | Killed from afar by a white imp

Illustrated notes

Levels and vault maps discovered:
D:1:      dpeg_arrival_oval, layout_basic, serial_shops,
          nicolae_shop_hallway_stairs, nicolae_shop_waterfront

Action                     || total
---------------------------++-------
  Melee: Falchion          ||   112
         Punch             ||     1
 Armour: Leather armour    ||    79
  Dodge: Dodged            ||    80

Table legend: (Time is in decaauts)
 A = Elapsed time spent in this place.
 B = Non-inter-level travel time spent in this place.
 C = Inter-level travel time spent in this place.
 D = Time resting spent in this place.
 E = Time spent auto-exploring this place.
 F = Levels seen in this place.
 G = Mean time per level.
                   A        B        C        D        E       F      G
               +--------+--------+--------+--------+--------+-----+--------+
         Total |    962 |    962 |      0 |      0 |    741 |   1 |  962.0 |
       Dungeon |    962 |    962 |      0 |      0 |    741 |   1 |  962.0 |
               +--------+--------+--------+--------+--------+-----+--------+

Top non-repeatable levels by time:
     D:1: 962 daAuts
